[Event "Early-Titled-Tuesday-Blitz-October-03-2023"]
[Site "Chess.com"]
[Date "2023.10.03"]
[Round "6"]
[White "spotbet"]
[Black "Larina_Maria"]
[Result "1-0"]
[WhiteElo "2435"]
[BlackElo "2227"]
[TimeControl "180+1"]
[EndTime "9:06:42 PDT"]
[Termination "spotbet won on time"]

1. e4 c6 2. d4 d5 3. e5 Bf5 4. Nf3 e6 5. Be2 Ne7 6. O-O c5 7. Be3 Nec6 8. dxc5 Nd7 9. Bb5 Bxc5 10. Bxc5 Nxc5 11. Nd4 Qb6 12. Nxf5 exf5 13. Nc3 O-O-O 14. Qf3 g6 15. Rfe1 Rhe8 16. Bxc6 bxc6 17. Rab1 Ne4 18. Nxe4 dxe4 19. Qc3 Rd5 20. e6 fxe6 21. Qf6 Rd2 22.
Rf1 Qd4 23. Qf7 Qd7 24. Qf6 Rxc2 25. Rbd1 Rd2 26. Rc1 Rd8 27. h4 Kb7 28. Rc4 Qd6 29. Qc3 Rd3 30. Qa5 Rd5 31. Rb4+ Ka8 32. Qa6 Rb8 33. Ra4 Qc7 34. Rc1 Rd6 35. b3 Qb6 36. Qc4 Qb5 37. Qc3 Rbd8 38. Qg7 Rd1+ 39. Rxd1 Rxd1+ 40. Kh2 Qb8+ 41. g3 Rd2 42. Kg2 Qb6 43. Qg8+ Kb7 44. Qxh7+ Kb8 45. Qh8+ Rd8 46. Qe5+ Kb7 47.
Qxe6 Qb5 48. Qe7+ Kc8 49. Rxa7 Qb6 50. Ra8+ 1-0

[Event "Early-Titled-Tuesday-Blitz-October-03-2023"]
[Site "Chess.com"]
[Date "2023.10.03"]
[Round "6"]
[White "Cheer_Down"]
[Black "C_K_G"]
[Result "0-1"]
[WhiteElo "2400"]
[BlackElo "1903"]
[TimeControl "180+1"]
[EndTime "9:06:42 PDT"]
[Termination "C_K_G won by checkmate"]

1. e4 c5 2. Nf3 d6 3. Bb5+ Bd7 4.
Bxd7+ Qxd7 5. c4 Nc6 6. Nc3 Nf6 7. d4 cxd4 8. Nxd4 a6 9. f3 e6 10. Be3 Be7 11. O-O O-O 12. Rc1 Rac8 13. b3 d5 14.
Nxc6 bxc6 15. e5 Ne8 16. f4 f6 17. Na4 Qc7 18. cxd5 exd5 19. e6 f5 20. Nb6 Rd8 21.
Nd7 Rxd7 22. exd7 Qxd7 23. Qc2 Rf6 24. Bd4 Rg6 25. Rfe1 Ba3 26. Bb2 Bxb2 27. Qxb2 Nd6 28. Re5 Ne4 29. Qd4 h6 30. b4 Qb7 31. a3 Qb5 32. h3 Qe2 33. g4 fxg4 34. f5 gxh3+ 35. fxg6 Qg2# 0-1

[Event "Early-Titled-Tuesday-Blitz-October-03-2023"]
[Site "Chess.com"]
[Date "2023.10.03"]
[Round "6"]
[White "Duhless"]
[Black "MatyChess1"]
[Result "1-0"]
[WhiteElo "2972"]
[BlackElo "2739"]
[TimeControl "180+1"]
[EndTime "9:06:43 PDT"]
[Termination "Duhless won on time"]

1. d4 d5 2. c4 c6 3. Nf3 Nf6 4.
Nc3 e6 5. g3 dxc4 6. Bg2 b5 7.
Ne5 Qb6 8. O-O Bb7 9. b3 cxb3 10. Qxb3 Nbd7 11. Be3 Nd5 12. Nxd7 Kxd7 13. Ne4 Be7 14.
Nc5+ Ke8 15. Rfc1 Rc8 16. a4 b4 17. a5 Qb5 18. Bd2 Ba8 19. e4 Nc3 20. Bxc3 bxc3 21. Qxc3 Qb8 22. Rab1 Qc7 23. e5 h5 24. h4 g5 25. hxg5 Bxg5 26. f4 Be7 27. Kh2 Rg8 28. Bf3 Rh8 29. Rb2 Rd8 30. Rcb1 Kf8 31. Be4 Rg8 32. Kh3 Kg7 33. Rb7 Bxb7 34. Rxb7 Qxb7 35. Nxb7 Rd7 36. a6 1-0

[Event "Early-Titled-Tuesday-Blitz-October-03-2023"]
[Site "Chess.com"]
[Date "2023.10.03"]
[Round "6"]
[White "Witik"]
[Black "NikolaGry"]
[Result "0-1"]
[WhiteElo "2826"]
[BlackElo "2722"]
[TimeControl "180+1"]
[EndTime "9:06:43 PDT"]
[Termination "NikolaGry won by resignation"]

1. d4 d5 2. c4 Nc6 3. Nc3 dxc4 4. d5 Ne5 5. Bf4 Ng6 6. Bg3 e5 7. Nf3 Bd6 8. Nd2 f5 9. h3 Nf6 10. Nxc4 O-O 11. e3 f4 12. Bh2 Bb4 13. Qb3 Bxc3+ 14. bxc3 Qxd5 15. Rd1 Qf7 16. Be2 Be6 17. O-O Ne4 18.
Qb4 Ng5 19. Nxe5 Nxe5 20. exf4 Nef3+ 21. gxf3 Nxh3+ 22. Kh1 Qh5 23. f5 Rxf5 24. Qxb7 Raf8 25. Rd4 Nf4 26. Rxf4 Rxf4 27. Qxc7 Bd5 28. Rg1 Bxf3+ 29.
Bxf3 Qxf3+ 30. Rg2 Rg4 31. Bg3 h5 32. Qb7 Qxb7 0-1

[Event "Early-Titled-Tuesday-Blitz-October-03-2023"]
[Site "Chess.com"]
[Date "2023.10.03"]
[Round "6"]
[White "tylityli"]
[Black "isaak2009"]
[Result "0-1"]
[WhiteElo "2347"]
[BlackElo "2551"]
[TimeControl "180+1"]
[EndTime "9:06:45 PDT"]
[Termination "isaak2009 won on time"]

1. d4 Nf6 2. c4 c6 3. Nc3 d5 4. cxd5 cxd5 5. Bf4 Nc6 6. e3 Bg4 7.
Qb3 Na5 8. Qa4+ Bd7 9. Qc2 Rc8 10. Bd3 e6 11. Nf3 a6 12. O-O b5 13. Qe2 Be7 14. Rfc1 O-O 15. Ne5 Nc4 16. Nd1 Be8 17. b3 Nd6 18.
Rxc8 Qxc8 19. Qc2 Qxc2 20. Bxc2 Nh5 21. Bg3 Nxg3 22. hxg3 f6 23. Nd3 Ne4 24. g4 Bg6 25. f3 Rc8 26. Ne1 Nc3 27. Bxg6 hxg6 28. Nxc3 Rxc3 29.
Kf2 f5 30. gxf5 gxf5 31. Ke2 f4 32. exf4 Bf6 33. Rd1 Kf7 34. g3 a5 0-1

[Event "Early-Titled-Tuesday-Blitz-October-03-2023"]
[Site "Chess.com"]
[Date "2023.10.03"]
[Round "6"]
[White "grzechu96"]
[Black "RobertoJBM"]
[Result "1-0"]
[WhiteElo "2680"]
[BlackElo "2799"]
[TimeControl "180+1"]
[EndTime "9:06:46 PDT"]
[Termination "grzechu96 won by resignation"]

1. e4 c6 2. d4 d5 3. Nc3 dxe4 4. Nxe4 Nd7 5. Ng5 Ngf6 6. Bd3 e6 7. N1f3 Bd6 8. Qe2 h6 9. Ne4 Nxe4 10. Qxe4 Qc7 11. Bd2 b6 12. Qg4 g5 13. Qh3 Rg8 14.
Bh7 g4 15. Qxh6 Bf8 16. Qf4 Qxf4 17. Bxf4 Rg7 18. Be4 gxf3 19. Bxc6 fxg2 20. Rg1 e5 21.
Bxe5 f6 22. Bc7 Re7+ 23. Kd2 Bh6+ 24. Kc3 Ba6 25. Bxa8 Nc5 26. Rae1 Ne6 27. Bd6 Bf1 28. Bxe7 Kxe7 29. Bd5 Kd6 30. Bxe6 Bf4 31. Bh3 1-0

[Event "Early-Titled-Tuesday-Blitz-October-03-2023"]
[Site "Chess.com"]
[Date "2023.10.03"]
[Round "6"]
[White "vladgoncharov"]
[Black "ViktoriyaTarasova"]
[Result "1-0"]
[WhiteElo "2516"]
[BlackElo "2382"]
[TimeControl "180+1"]
[EndTime "9:06:46 PDT"]
[Termination "vladgoncharov won on time"]

1. d4 Nf6 2. c4 e6 3. Nf3 b6 4.
g3 Ba6 5. Qc2 c5 6. Bg2 Bb7 7.
dxc5 bxc5 8. O-O Be7 9. Nc3 O-O 10. Rd1 d6 11. a3 Nbd7 12. b4 a6 13. Bf4 Qc7 14.
b5 a5 15. a4 Nb6 16. Nd2 Bxg2 17. Kxg2 Nh5 18. Qe4 Nxf4+ 19. Qxf4 Bf6 20. Nde4 Be5 21.
Qh4 h6 22. f4 Bd4 23. g4 Nxc4 24. g5 Ne3+ 25. Kf3 Nf5 26. Qh3 Qb7 27. Rac1 Kh7 28.
e3 Bxe3 29. gxh6 gxh6 30. Rc2 Bd4 31. Ke2 Qe7 32. Ng5+ Kg6 33. Nf3 Kh7 34. Ne4 Rg8 35.
Kd3 1-0

[Event "Early-Titled-Tuesday-Blitz-October-03-2023"]
[Site "Chess.com"]
[Date "2023.10.03"]
[Round "6"]
[White "verrbaa"]
[Black "GradualismUnleashed"]
[Result "0-1"]
[WhiteElo "2467"]
[BlackElo "2626"]
[TimeControl "180+1"]
[EndTime "9:06:48 PDT"]
[Termination "GradualismUnleashed won on time"]

1. Nf3 d5 2. g3 Nf6 3. Bg2 Nc6 4. d4 Bf5 5. O-O e6 6. a3 Be7 7. b3 O-O 8. Bb2 h6 9. c4 Na5 10. Nbd2 Ne4 11. c5 b5 12. Nxe4 Bxe4 13. Bc3 c6 14. a4 a6 15. Bh3 Qc7 16. Ne1 Rfb8 17. f3 Bf5 18. Bxf5 exf5 19. Qc2 Bf6 20. Ng2 g6 21. e4 bxa4 22. b4 Nb3 23. Rad1 Qd7 24. e5 Bg7 25. Qa2 a5 26. bxa5 Nxa5 27. Ne3 Nb3 28. Kg2 h5 29. f4 Qa7 30. Rb1 Qa6 31. Rf2 Qd3 32. Nd1 Qe4+ 33. Kg1 Kh7 34. Re2 Qf3 0-1

[Event "Early-Titled-Tuesday-Blitz-October-03-2023"]
[Site "Chess.com"]
[Date "2023.10.03"]
[Round "6"]
[White "novocane"]
[Black "guillembaches"]
[Result "0-1"]
[WhiteElo "2346"]
[BlackElo "2500"]
[TimeControl "180+1"]
[EndTime "9:06:48 PDT"]
[Termination "guillembaches won by resignation"]

1. d4 d5 2. c4 Nc6 3. cxd5 Qxd5 4. e3 e5 5. Nc3 Bb4 6. Bd2 Bxc3 7.
bxc3 Qd6 8. Nf3 e4 9. Ng1 Nf6 10.
Ne2 O-O 11. Nf4 Nd5 12. Nxd5 Qxd5 13. c4 Qg5 14. h4 Qf5 15. Qc2 Re8 16. Be2 Qg6 17.
g3 Bg4 18. h5 Qf5 19. Bxg4 Qxg4 20. Qd1 Qd7 21. Bc3 h6 22. Qe2 Rab8 23. Rh4 f6 24. Rg4 Kh8 25. Rg6 Ne7 26. Rg4 Nf5 27. Kf1 b5 28. c5 c6 29. d5 Qxd5 30. Rd1 Qe6 31. Rg6 Rbd8 32. g4 Ne7 33. Rxd8 Rxd8 34. Qb2 Nxg6 35.
hxg6 Qxg4 36. Qc2 Rd1+ 0-1

[Event "Early-Titled-Tuesday-Blitz-October-03-2023"]
[Site "Chess.com"]
[Date "2023.10.03"]
[Round "6"]
[White "FMVolodymyrSakun"]
[Black "a-z30"]
[Result "1-0"]
[WhiteElo "2654"]
[BlackElo "2502"]
[TimeControl "180+1"]
[EndTime "9:06:49 PDT"]
[Termination "FMVolodymyrSakun won on time"]

1. e4 d6 2. d4 Nf6 3. Nc3 g6 4. Nf3 Bg7 5. h3 O-O 6. Be2 Nc6 7. d5 Ne5 8. Nxe5 dxe5 9. Bg5 h6 10. Be3 e6 11. Qd2 exd5 12. exd5 Kh7 13. O-O-O Ne8 14.
f4 exf4 15. Bxf4 Nd6 16. g4 Re8 17. Bd3 Qf6 18. Rhf1 Qe7 19. Rde1 Qf8 20. Bxd6 Rxe1+ 21. Qxe1 cxd6 22. Ne4 Qe7 23. Qf2 f5 24. Ng3 Qe5 25. c3 Bd7 26. gxf5 Rf8 27. fxg6+ Kh8 28. Nf5 Qxd5 29. Qf3 Qxa2 30. Qh5 Qa1+ 31. Kc2 Qa4+ 32.
Kd2 Qa2 33. Kc2 Ba4+ 34. Kc1 Qa1+ 35. Bb1 Bb3 36. Qe2 Ba2 37. Qc2 1-0

[Event "Early-Titled-Tuesday-Blitz-October-03-2023"]
[Site "Chess.com"]
[Date "2023.10.03"]
[Round "6"]
[White "Magila31"]
[Black "profedechess93"]
[Result "0-1"]
[WhiteElo "2406"]
[BlackElo "2636"]
[TimeControl "180+1"]
[EndTime "9:06:52 PDT"]
[Termination "profedechess93 won by resignation"]

1. d4 d5 2. c4 c6 3. Nf3 Nf6 4. Nc3 dxc4 5. a4 Bf5 6. e3 e6 7. Bxc4 Bb4 8. O-O Nbd7 9. Qe2 Bg6 10. Rd1 O-O 11. Bd3 Bh5 12. h3 Qa5 13. Na2 Bd6 14.
b3 e5 15. dxe5 Bxf3 16. Qxf3 Qxe5 17. Bd2 Qh2+ 18. Kf1 Ne5 19. Qf5 Nxd3 20. Qxd3 Be5 21. Bc3 Bxc3 22. Nxc3 Qh1+ 23. Ke2 Qxg2 24. Rg1 Qxh3 25.
Rg3 Qh5+ 26. Rf3 Rad8 27. Qf5 Qxf5 28. Rxf5 Rd6 29. a5 Rfd8 30. b4 Rd2+ 31. Kf3 Rc2 32. Na4 Rdd2 33. Kg2 Ng4 34. Kg3 Nxf2 35. Nc5 Nd3 36.
Ne4 Rg2+ 37. Kf3 g6 38. Re5 Nxe5+ 0-1

[Event "Early-Titled-Tuesday-Blitz-October-03-2023"]
[Site "Chess.com"]
[Date "2023.10.03"]
[Round "6"]
[White "AjedrezenMadrid"]
[Black "ljm509"]
[Result "1-0"]
[WhiteElo "2471"]
[BlackElo "2317"]
[TimeControl "180+1"]
[EndTime "9:06:52 PDT"]
[Termination "AjedrezenMadrid won on time"]

1. b3 e5 2. c4 Nc6 3. Bb2 d6 4. g3 g6 5. Bg2 Bg7 6. Nc3 Nge7 7.
e3 O-O 8. Nge2 Bd7 9. d3 Qc8 10. h4 h5 11. Qd2 a5 12. a3 Nd8 13. d4 Bc6 14. e4 exd4 15. Nxd4 Ne6 16. Nxc6 bxc6 17.
O-O Rb8 18. f4 Rxb3 19. f5 Bd4+ 20. Kh1 Nc5 21. f6 Bxf6 22. Rxf6 Qg4 23. Rf3 Nd7 24.
Qc2 Rfb8 25. Nb5 Rxf3 26. Nd4 Rxg3 27. Bc1 Qxh4+ 28. Kg1 Ne5 29. Ne2 1-0

[Event "Early-Titled-Tuesday-Blitz-October-03-2023"]
[Site "Chess.com"]
[Date "2023.10.03"]
[Round "6"]
[White "JiiHart"]
[Black "tolimachess"]
[Result "0-1"]
[WhiteElo "2195"]
[BlackElo "2430"]
[TimeControl "180+1"]
[EndTime "9:06:52 PDT"]
[Termination "tolimachess won by resignation"]

1. e4 c5 2. c3 Nf6 3. e5 Nd5 4. d4 cxd4 5. Nf3 Nc6 6. cxd4 d6 7. Nc3 Nxc3 8. bxc3 dxe5 9. d5 e4 10. dxc6 Qxd1+ 11. Kxd1 exf3 12. Bb5 b6 13. c7+ Bd7 14. Ba6 fxg2 15.
Rg1 e5 16. Bb7 Rc8 17. Bxc8 Bxc8 18. Rxg2 Kd7 19. Be3 Bb7 20. Rg1 Kxc7 21. a4 f5 22. a5 f4 23. axb6+ axb6 24. Bc1 g6 25. Ba3 Bxa3 26.
Rxa3 Rd8+ 27. Ke2 e4 28. h4 Bd5 29. Ra4 b5 30. Rb4 Bc4+ 31. Rxc4+ bxc4 32. h5 Rd3 33. hxg6 f3+ 34. Ke1 hxg6 35. Rxg6 Rxc3 36. Re6 Rd3 37. Rxe4 c3 38. Rf4 Kd6 39. Rc4 Kd5 40. Rc8 Kd4 41.
Rc7 Ke4 42. Re7+ Kd5 43. Rd7+ Kc4 44. Rc7+ Kb3 45. Rb7+ Kc2 46. Rd7 Rxd7 0-1

[Event "Early-Titled-Tuesday-Blitz-October-03-2023"]
[Site "Chess.com"]
[Date "2023.10.03"]
[Round "6"]
[White "shimastream"]
[Black "ShiroglanTalibov"]
[Result "1/2-1/2"]
[WhiteElo "2972"]
[BlackElo "2909"]
[TimeControl "180+1"]
[EndTime "9:06:53 PDT"]
[Termination "Game drawn by repetition"]

1. d4 Nf6 2. Bg5 d5 3. Nd2 c6 4.
e3 Bf5 5. Bxf6 exf6 6. Ne2 Nd7 7. Nc1 Bd6 8. Bd3 Bxd3 9. Nxd3 O-O 10. c4 dxc4 11.
Nxc4 Bc7 12. O-O Nb6 13. Na5 Rb8 14. Nc5 Qc8 15. Rc1 Nd7 16. Nab3 Nxc5 17. Nxc5 Rd8 18. b4 a5 19. a3 axb4 20. axb4 Qf5 21. g3 Bd6 22. Qb3 h5 23. Qc2 Qh3 24. Qe4 Re8 25. Qf3 h4 26. Rb1 g6 27. Rfc1 Kg7 28. b5 hxg3 29.
hxg3 Bxc5 30. Rxc5 Rh8 31. Qg2 Qg4 32. bxc6 bxc6 33.
Rbc1 Rh6 34. Rxc6 Rbh8 35. R6c5 Rh3 36. Re1 f5 37. Qd5 Qh5 38. Qe5+ Kh7 39. Qd5 Kg7 40.
Qe5+ Kh7 41. Qd5 Kg7 1/2-1/2

[Event "Early-Titled-Tuesday-Blitz-October-03-2023"]
[Site "Chess.com"]
[Date "2023.10.03"]
[Round "6"]
[White "pankajfm"]
[Black "bylavochka"]
[Result "0-1"]
[WhiteElo "2101"]
[BlackElo "2322"]
[TimeControl "180+1"]
[EndTime "9:06:53 PDT"]
[Termination "bylavochka won by resignation"]

1. e4 c5 2. Nc3 Nc6 3. g3 g6 4. Bg2 Bg7 5. d3 e6 6. f4 Nge7 7. Be3 d6 8. Nf3 Nd4 9. O-O O-O 10. Bf2 Rb8 11. Nxd4 cxd4 12. Ne2 Nc6 13. c3 dxc3 14. bxc3 Bd7 15. d4 Qc7 16. Rc1 Na5 17. c4 Nxc4 18. Qd3 b5 19. a4 a6 20. axb5 axb5 21.
d5 exd5 22. exd5 Bf5 23. Qb3 Qd7 24. Rfd1 Bg4 25. Bf3 Rfe8 26. Nd4 Bxf3 27. Qxf3 Ra8 28. Nc6 Ra2 29. Re1 Bf6 30. Rxe8+ Qxe8 31. Re1 Qd7 32. Qb3 Rb2 33. Qd3 Qh3 34. Re8+ Kg7 35. Qf1 Qf5 36. Nd4 Qxd5 37. Ne2 Nd2 38. Qg2 Rb1+ 0-1

[Event "Early-Titled-Tuesday-Blitz-October-03-2023"]
[Site "Chess.com"]
[Date "2023.10.03"]
[Round "6"]
[White "JosefineHeinemann"]
[Black "stepanosinovsky"]
[Result "1-0"]
[WhiteElo "2522"]
[BlackElo "2384"]
[TimeControl "180+1"]
[EndTime "9:06:54 PDT"]
[Termination "JosefineHeinemann won on time"]

1. e4 e5 2. Nf3 Nc6 3. Bc4 Nf6 4. d3 Be7 5. O-O d5 6. exd5 Nxd5 7. Re1 Bg4 8. h3 Bh5 9. g4 Bg6 10. Nxe5 Nxe5 11.
Rxe5 Nb6 12. Bb3 O-O 13. Nc3 Kh8 14. Qf3 f5 15. Qg2 Bd6 16. Re1 Nd7 17. g5 f4 18. Ne4 Ne5 19. Nxd6 Qxd6 20. Qd5 Rae8 21. Kf1 Bf5 22. Qh1 Qd7 23. Kg2 Ng6 24. Bd2 Nh4+ 25. Kg1 c6 26. Rxe8 Rxe8 27. Re1 Rxe1+ 28. Bxe1 Qe7 29.
Bd2 Qe2 30. Bxf4 Nf3+ 31. Kg2 Ne1+ 32. Kg3 1-0

[Event "Early-Titled-Tuesday-Blitz-October-03-2023"]
[Site "Chess.com"]
[Date "2023.10.03"]
[Round "6"]
[White "Kgutierrez95"]
[Black "dodoucb"]
[Result "1-0"]
[WhiteElo "2249"]
[BlackElo "2443"]
[TimeControl "180+1"]
[EndTime "9:06:55 PDT"]
[Termination "Kgutierrez95 won on time"]

1. e4 c6 2. d4 d5 3. Nc3 dxe4 4. Nxe4 Bf5 5. Ng3 Bg6 6. h4 h6 7. h5 Bh7 8. Nf3 Nd7 9. Bd3 Bxd3 10. Qxd3 e6 11. Bd2 Ngf6 12. O-O-O Be7 13. Ne4 Nxe4 14. Qxe4 Nf6 15. Qe2 O-O 16. Kb1 Re8 17. Ne5 Qxd4 18. Bxh6 Qe4 19. Qxe4 Nxe4 20. Be3 Rad8 21. Rxd8 Rxd8 22.
Kc1 Rd5 23. Nd3 Bg5 24. f4 Bf6 25. g4 Bd4 26. Bxd4 Rxd4 27. h6 gxh6 28. Rxh6 c5 29. Rh2 c4 30. Ne5 Kg7 31. c3 Rd5 32. Nxc4 Nc5 33.
Kc2 Nd3 34. Ne3 Ne1+ 35. Kc1 Rd3 36. Re2 Nf3 37. Kc2 Rd7 38. Nc4 1-0

[Event "Early-Titled-Tuesday-Blitz-October-03-2023"]
[Site "Chess.com"]
[Date "2023.10.03"]
[Round "6"]
[White "Anton_Demchenko"]
[Black "Roman_Ovetchkin"]
[Result "1-0"]
[WhiteElo "2917"]
[BlackElo "2704"]
[TimeControl "180+1"]
[EndTime "9:06:56 PDT"]
[Termination "Anton_Demchenko won on time"]

1. e4 c6 2. d4 d5 3. e5 Bf5 4. Bd3 Bxd3 5. Qxd3 e6 6. c3 c5 7. Ne2 Nc6 8. O-O Rc8 9. a3 Qb6 10. b4 cxd4 11. cxd4 Nge7 12. Nbc3 Nf5 13. Be3 Qd8 14. Ng3 Nxg3 15. fxg3 Be7 16. Ne2 O-O 17. Nf4 Bg5 18. Nh5 Bxe3+ 19. Qxe3 Ne7 20. g4 Ng6 21. Rf2 Rc4 22.
Rd1 a5 23. bxa5 Qxa5 24. Rf3 Qb6 25. Qf2 Qc7 26. Rf1 Rc1 27. h3 Rxf1+ 28. Qxf1 Rc8 29. Qf2 Qe7 30. Rb3 h6 31. Kh2 Rc7 32. Qb2 Qd8 33. Rxb7 Rxb7 34. Qxb7 Qa5 35. Qb4 Qa6 36. Qb8+ Kh7 37. Qe8 Qf1 38. Qa4 1-0

[Event "Early-Titled-Tuesday-Blitz-October-03-2023"]
[Site "Chess.com"]
[Date "2023.10.03"]
[Round "6"]
[White "Malysch"]
[Black "CSB7"]
[Result "0-1"]
[WhiteElo "2548"]
[BlackElo "2741"]
[TimeControl "180+1"]
[EndTime "9:06:56 PDT"]
[Termination "CSB7 won on time"]

1. d4 d5 2. c4 e6 3. Nf3 Nf6 4. g3 Bb4+ 5. Nbd2 dxc4 6. Qc2 b5 7. a4 c6 8. Bg2 Bb7 9. O-O a6 10. b3 cxb3 11. Nxb3 O-O 12. Ne5 Nd5 13. e4 Nb6 14. Be3 Nxa4 15. Rfd1 Bd6 16. Nc5 Nxc5 17. dxc5 Bxe5 18.
Rxd8 Rxd8 19. Rd1 Nd7 20. f4 Bf6 21. e5 Be7 22. Rd6 a5 23. Bxc6 Bxc6 24. Rxc6 a4 25.
Rc7 a3 26. c6 a2 27. Bd4 Bc5 28. Rxd7 a1=Q+ 29. Kg2 Bxd4 30. c7 Qg1+ 31. Kh3 Qf1+ 32. Kg4 Rf8 33. Rxd4 Rac8 34. Rd7 Qc4 0-1

[Event "Early-Titled-Tuesday-Blitz-October-03-2023"]
[Site "Chess.com"]
[Date "2023.10.03"]
[Round "6"]
[White "HanSchut"]
[Black "knightinshiningarmour16"]
[Result "1/2-1/2"]
[WhiteElo "2314"]
[BlackElo "2111"]
[TimeControl "180+1"]
[EndTime "9:06:57 PDT"]
[Termination "Game drawn by repetition"]

1. e4 c6 2. d4 d5 3. exd5 cxd5 4.
c4 Nf6 5. Nc3 Nc6 6. Nf3 g6 7.
cxd5 Nxd5 8. Qb3 Nf6 9. d5 Nb8 10. Bf4 Bg7 11. Nb5 Na6 12. d6 O-O 13. Nc7 Nxc7 14.
dxc7 Qd7 15. Rd1 Qf5 16. Be5 Ne4 17. Bxg7 Kxg7 18. Bd3 Qa5+ 19. Kf1 Nf6 20. Rc1 b6 21. Qc3 Qxa2 22. h4 Ba6 23. Bxa6 Qxa6+ 24. Kg1 Rac8 25. h5 Qb7 26. hxg6 hxg6 27. Ng5 Qd5 28. f4 Kg8 29. Rh3 Nh5 30. Rxh5 gxh5 31. Qh3 f6 32. Qxh5 fxg5 33. Qg6+ Kh8 34. Qh6+ Kg8 35. Qg6+ Kh8 36. Qh6+ Kg8 37. Qg6+ 1/2-1/2

[Event "Early-Titled-Tuesday-Blitz-October-03-2023"]
[Site "Chess.com"]
[Date "2023.10.03"]
[Round "6"]
[White "JohnWhite1952"]
[Black "invisible_s0ul"]
[Result "1-0"]
[WhiteElo "2038"]
[BlackElo "2278"]
[TimeControl "180+1"]
[EndTime "9:06:57 PDT"]
[Termination "JohnWhite1952 won on time"]

1. e4 b6 2. d4 Bb7 3. Bd3 d5 4. Nd2 dxe4 5. Nxe4 Nf6 6. Nxf6+ exf6 7. Nf3 Bd6 8. O-O O-O 9. Re1 c5 10. c3 Qc7 11. h3 Nc6 12. Be3 cxd4 13. Nxd4 Ne5 14. Nb5 Qc6 15. Bf1 Rfd8 16. Qe2 a6 17.
Nxd6 Rxd6 18. Rad1 Rad8 19. Bd4 Ng6 20. Qg4 h6 21.
Be2 h5 22. Qg3 h4 23. Qg4 f5 24. Qg5 Re6 25. Bf3 Rxe1+ 26. Rxe1 Qc7 27. Bxb7 Qxb7 28.
Qxd8+ Kh7 29. Qg5 Qd5 30. b3 Qd7 31. Qe3 b5 32. Qe8 Qd5 33. Qc8 Nf4 34. f3 Nd3 35. Re2 Nf4 36. Rd2 Qd6 37. Be3 1-0

[Event "Early-Titled-Tuesday-Blitz-October-03-2023"]
[Site "Chess.com"]
[Date "2023.10.03"]
[Round "6"]
[White "MrVenky"]
[Black "Kotofeyca"]
[Result "1-0"]
[WhiteElo "2560"]
[BlackElo "2395"]
[TimeControl "180+1"]
[EndTime "9:07:00 PDT"]
[Termination "MrVenky won by checkmate"]

1. e4 c5 2. Nf3 d6 3. d4 cxd4 4.
Nxd4 Nf6 5. Nc3 a6 6. h4 b5 7. a4 bxa4 8. Rxa4 Bb7 9. Bd3 e6 10. h5 h6 11. O-O Be7 12. Be3 Nbd7 13. Nb3 O-O 14. f4 Qc7 15. Qe2 d5 16. e5 Ne4 17.
Nxe4 dxe4 18. Bxe4 Bxe4 19. Rxe4 Rfc8 20. Rc1 a5 21.
Nd2 Qb7 22. b3 Nb6 23. c4 Nd5 24. Bf2 Bb4 25. Rd4 Nc3 26. Qd3 Nb5 27. Rd7 Qc6 28. f5 Nd6 29. fxe6 fxe6 30. Rxg7+ Kxg7 31. Qg6+ Kf8 32. exd6 Bxd2 33. Qf6+ Kg8 34. Qxe6+ Kf8 35. Qf6+ Kg8 36.
Qg6+ Kf8 37. Bd4 Bxc1 38. Qg7+ Ke8 39. Qe7# 1-0

[Event "Early-Titled-Tuesday-Blitz-October-03-2023"]
[Site "Chess.com"]
[Date "2023.10.03"]
[Round "6"]
[White "mmDarko"]
[Black "Ranindu2003"]
[Result "0-1"]
[WhiteElo "2313"]
[BlackElo "2718"]
[TimeControl "180+1"]
[EndTime "9:07:01 PDT"]
[Termination "Ranindu2003 won on time"]

1. d4 d5 2. Nf3 Nf6 3. e3 Bg4 4. Nbd2 Nbd7 5. c4 e6 6. h3 Bh5 7.
Be2 c6 8. O-O Bd6 9. b3 Qe7 10.
Bb2 O-O 11. Ne5 Bxe2 12. Qxe2 Rac8 13. e4 Bxe5 14. dxe5 Nxe4 15. Nxe4 dxe4 16. Qxe4 Rfd8 17. Rad1 Qb4 18. Rd6 Qa5 19. Rfd1 Nf8 20. Qd4 Re8 21. a3 Ng6 22. g3 Ne7 23. Rd7 Nf5 24. Qd2 Qb6 25.
b4 c5 26. b5 a6 27. a4 axb5 28. axb5 Qa7 29. g4 Nh4 30. Qf4 Rf8 31. Qg3 Ng6 32. h4 Qa2 33. R1d2 Qxc4 34. h5 Nf4 35. h6 Ne2+ 36. Rxe2 Qxe2 37. hxg7 Rfd8 38. Rxd8+ Rxd8 39.
Qh4 Rd1+ 40. Kh2 Qf3 41. Qd8+ Rxd8 0-1

[Event "Early-Titled-Tuesday-Blitz-October-03-2023"]
[Site "Chess.com"]
[Date "2023.10.03"]
[Round "6"]
[White "Ergali_Suleimen"]
[Black "baki83"]
[Result "0-1"]
[WhiteElo "2604"]
[BlackElo "2833"]
[TimeControl "180+1"]
[EndTime "9:07:02 PDT"]
[Termination "baki83 won by resignation"]

1. e4 c5 2. Nf3 Nc6 3. Bb5 g6 4. Bxc6 bxc6 5. O-O Bg7 6. Re1 Nh6 7. c3 O-O 8. d4 Qb6 9. h3 d6 10. Na3 cxd4 11.
cxd4 Ba6 12. Qc2 f6 13. Nc4 Qb5 14. b3 Nf7 15. Ba3 Rac8 16. Rac1 Rfe8 17. e5 fxe5 18. dxe5 d5 19. Nd4 Qb8 20. Na5 Nxe5 21. Naxc6 Qb6 22. Bc5 Rxc6 23. Nxc6 Qxc6 24. Qc3 Nd3 25. Qxg7+ Kxg7 26. Bd4+ e5 27. Rxc6 Nxe1 28. Bxa7 Bc8 29. Rc7+ Kf6 30. Rxh7 d4 31. Rc7 Nd3 32. Rc6+ Be6 33. Kf1 Rc8 34. Rxc8 Bxc8 35. Ke2 Nc1+ 36. Kd2 Nxa2 37. Bc5 Ke6 38. b4 Kd5 39. Kc2 Nc3 40. f3 Kc4 0-1

[Event "Early-Titled-Tuesday-Blitz-October-03-2023"]
[Site "Chess.com"]
[Date "2023.10.03"]
[Round "6"]
[White "Rital44"]
[Black "wqws"]
[Result "0-1"]
[WhiteElo "2513"]
[BlackElo "2663"]
[TimeControl "180+1"]
[EndTime "9:07:02 PDT"]
[Termination "wqws won on time"]

1. d4 Nf6 2. c4 g6 3. Nf3 Bg7 4. Nc3 O-O 5. e4 d6 6. Be2 e5 7. O-O Nc6 8. d5 Ne7 9. b4 a5 10. Ba3 axb4 11. Bxb4 Kh8 12. a4 Nh5 13. Re1 Nf4 14.
Bf1 f5 15. Nd2 fxe4 16. Ndxe4 Nf5 17. g3 Nh5 18. Bg2 Nf6 19. c5 b6 20. cxb6 cxb6 21. Nb5 Nxe4 22. Bxe4 Qf6 23. Qe2 Bd7 24. Bxf5 Bxb5 25.
axb5 gxf5 26. Ra6 Rab8 27. Rc1 f4 28. Rc6 e4 29. Rxd6 Qf5 30. Re6 f3 31. Qxe4 Qh3 32.
Qxf3 Rxf3 33. d6 Rd3 34. Be1 Qxe6 0-1

[Event "Early-Titled-Tuesday-Blitz-October-03-2023"]
[Site "Chess.com"]
[Date "2023.10.03"]
[Round "6"]
[White "SanchezKelvin"]
[Black "ploxoi"]
[Result "0-1"]
[WhiteElo "2605"]
[BlackElo "2473"]
[TimeControl "180+1"]
[EndTime "9:07:02 PDT"]
[Termination "ploxoi won on time"]

1. e4 c5 2. Nf3 e6 3. d4 cxd4 4. Nxd4 Nc6 5. Nc3 Qc7 6. Be3 a6 7. Qf3 Bd6 8. O-O-O Be5 9. g3 Nf6 10. Qe2 O-O 11. f4 Bxd4 12. Bxd4 Nxd4 13. Rxd4 d6 14. Rc4 Qe7 15. Bg2 e5 16. Rd1 b5 17. Rc6 Rd8 18.
fxe5 Qxe5 19. Qd3 Bg4 20. Rd2 Ne8 21. Nd5 Be6 22. Qc3 Qxc3 23. Nxc3 Rac8 24. Rxa6 b4 25. Nd5 Bxd5 26. Rxd5 Nc7 27. Raxd6 Nxd5 28. Rxd8+ Rxd8 29. exd5 Kf8 30. Kd2 Ke7 31. c4 Kd6 32.
Kc2 Kc5 33. Kb3 f5 34. a3 Rb8 35. a4 g5 36. a5 f4 37. gxf4 gxf4 38. Ka4 Ra8 39.
b3 Ra6 40. Bf3 Rf6 41. h3 h6 42. h4 Rd6 43. Be4 Rf6 44. Bf3 Rg6 45. d6 Rxd6 46. Bh5 Rd2 0-1

[Event "Early-Titled-Tuesday-Blitz-October-03-2023"]
[Site "Chess.com"]
[Date "2023.10.03"]
[Round "6"]
[White "MathiasWomacka"]
[Black "pasteta13"]
[Result "0-1"]
[WhiteElo "2557"]
[BlackElo "2441"]
[TimeControl "180+1"]
[EndTime "9:07:02 PDT"]
[Termination "pasteta13 won by resignation"]

1. e4 c5 2. Nf3 g6 3. d4 cxd4 4. Nxd4 Nf6 5. Nc3 Nc6 6. Nxc6 bxc6 7. e5 Nh5 8. Bc4 Ng7 9. O-O Ne6 10. Be3 Bg7 11. f4 d5 12. exd6 Qxd6 13. Qxd6 exd6 14. f5 gxf5 15. Rxf5 d5 16. Nxd5 cxd5 17. Bxd5 Rb8 18. Raf1 O-O 19. b3 Bb7 20. Bxa7 Ra8 21. Bxb7 Rxa7 22. Bd5 Rd8 23. a4 Kh8 24. c4 Nd4 25. Rxf7 Nxb3 26. g3 Rxa4 27. Rc7 Ra7 28. Rxa7 Bd4+ 29.
Kg2 Bxa7 30. Rf7 Bd4 31. Be4 Bg7 32. Bd5 Rc8 33. h4 Nd2 34. Rb7 h6 35. g4 Nxc4 36.
g5 hxg5 37. hxg5 Ne3+ 38. Kf3 Nxd5 39. Ke4 Nc7 40. Kf5 Ne8 41. Kg6 Rc6+ 42. Kf7 Nd6+ 43. Ke6 Nxb7+ 44. Kd7 Rg6 45. Ke7 Rxg5 0-1